 Adventure DCSS version bcrawl-1.17.3 (webtiles) character file.

Game seed: 3966852940342740682

1904549 esc the Invulnerable (level 27, 225/259 HPs)
             Began as a Hill Orc Fighter on Oct 23, 2019.
             Was the Champion of the Shining One.
             Escaped with the Orb
             ... and 3 runes on Oct 25, 2019!
             The game lasted 03:35:46 (61948 turns).

esc the Invulnerable (Hill Orc Fighter)            Turns: 61948, Time: 03:35:47

Health: 225/259    AC: 50    Str: 57 (58) XL:     27
Magic:  46/46      EV: 18    Int:  3      God:    the Shining One [******]
Gold:   5571       SH: 64    Dex: 15      Spells: 26/26 levels left
                                        Lives:  1   Deaths: 1

rFire    + + +     SeeInvis +   M - +9 eudemon blade (holy)
rCold    + + +     Gourm    .   J - +10 large shield of Ignorance {rN+ Int-4}
rNeg     + + +     Faith    .   j - +10 gold dragon scales
rPois    +         Spirit   +   h - +1 helmet of Ennui {-Cast rF++ rC- Str+9}
rElec    +         Reflect  .   c - +0 cloak of the Depths {rC+ MR- Regen+ Int+2}
rCorr    .         Harm     .   W - +2 pair of gloves
MR       +....     NoCast   +   S - +2 pair of boots {Fly}
Stlth    ..........             y - amulet of Foidinuh {Spirit rN+ Str+8}
HPRegen  0.93/turn              m - ring "Xudien" {rC+ MP+9 Str+4 Int-3}
MPRegen  0.30/turn              F - ring of Obsession {rElec rPois rC+ SInv}

@: mighty, agile, divine shield, flying, hasted, glowing, very quick
A: deterioration 2
0: Orb of Zot
}: 3/15 runes: decaying, serpentine, silver
a: Divine Shield, Cleansing Flame, Summon Divine Warrior, Brand Weapon With Holy
Wrath, Renounce Religion, Stop Flying


You escaped.
You worshipped the Shining One.
The Shining One was exalted by your worship.
You were not hungry.

You visited 12 branches of the dungeon, and saw 45 of its levels.
You visited the Abyss 4 times.
You also visited: Trove, Bailey and Desolation.

You collected 8736 gold pieces.
You spent 3165 gold pieces at shops.

Inventory:

Hand Weapons
 M - a +9 eudemon blade of holy wrath (weapon)
Missiles
 B - 6 throwing nets (quivered) {!f}
Armour
 c - the +0 cloak of the Depths (worn) {rC+ MR- Regen+ Int+2}
   (You found it on level 3 of the Elven Halls)

   It affects your intelligence (+2).
   It protects you from cold.
   It affects your resistance to hostile enchantments.
   It increases your rate of regeneration.
 h - the +1 helmet of Ennui (worn) {-Cast rF++ rC- Str+9}
   (You bought it in a shop on level 3 of the Elven Halls)

   It affects your strength (+9).
   It greatly protects you from fire.
   It makes you vulnerable to cold.
   It prevents spellcasting.
 j - +10 gold dragon scales (worn)
 J - the +10 large shield of Ignorance (worn) {rN+ Int-4}
   (You found it on level 3 of the Elven Halls)

   It affects your intelligence (-4).
   It protects you from negative energy.
 S - a +2 pair of boots of flying (worn)
 W - a +2 pair of gloves (worn)
Jewellery
 m - the ring "Xudien" (left hand) {rC+ MP+9 Str+4 Int-3}
   (You bought it in a shop on level 3 of the Elven Halls)

   [ring of magical power]

   It affects your strength (+4).
   It affects your intelligence (-3).
   It protects you from cold.
   It affects your magic capacity (+9).
 u - the ring of the Morning {+Blink rElec rF+ MP+9}
   (You took it off a deep elf high priest on level 3 of the Elven Halls)

   [ring of magical power]

   It protects you from fire.
   It insulates you from electricity.
   It affects your magic capacity (+9).
   It lets you blink.
 v - the amulet of Finality {Gourm +Inv rF+ rC+}
   (You found it in a treasure trove)

   [amulet of the gourmand]

   It allows you to eat raw meat even when not hungry.
   It protects you from fire.
   It protects you from cold.
   It lets you turn invisible.
 y - the amulet of Foidinuh (around neck) {Spirit rN+ Str+8}
   (You found it in a treasure trove)

   [amulet of guardian spirit]

   It causes incoming damage to be split between your health and magic.
   It affects your strength (+8).
   It protects you from negative energy.
 F - the ring of Obsession (right hand) {rElec rPois rC+ SInv}
   (You found it on level 8 of the Dungeon)

   [ring of poison resistance]

   It protects you from cold.
   It insulates you from electricity.
   It protects you from poison.
   It lets you see invisible.
Wands
 b - a wand of enslavement (38)
 g - a wand of paralysis (44)
 i - a wand of scattershot (18)
 s - a wand of iceblast (43)
 w - a wand of digging (18)
 A - a wand of polymorph (51)
 D - a wand of flame (24)
 V - a wand of acid (51)
Scrolls
 l - 4 scrolls of magic mapping
 n - 2 scrolls of enchant armour
 o - 16 scrolls of remove curse
 q - 9 scrolls of blinking
 z - 3 scrolls of silence
 C - 27 scrolls of teleportation
 E - 2 scrolls of enchant weapon
 G - 7 scrolls of fog
 Q - 6 scrolls of fear
 Z - 3 scrolls of summoning
Potions
 d - 7 potions of might
 e - 7 potions of ambrosia
 k - 13 potions of curing
 p - 4 potions of agility
 r - 3 potions of cancellation
 t - 3 potions of berserk rage
 x - 6 potions of heal wounds
 H - 6 potions of haste
 O - 13 potions of mutation
 R - 4 potions of resistance
Miscellaneous
 I - a phial of floods
 K - a lightning rod (4/4)
 L - 3 phantom mirrors
 N - a fan of gales
 U - 4 boxes of beasts
 X - a lamp of fire
Comestibles
 f - 65 rations {!d}


   Skills:
 + Level 23.4 Fighting
   Level 23.4 Short Blades
   Level 23.4 Long Blades
   Level 23.4 Axes
   Level 23.4 Maces & Flails
   Level 23.4 Polearms
   Level 23.4 Staves
 O Level 27 Armour
 - Level 5.0 Dodging
 - Level 11.5 Stealth
 - Level 25.0 Shields
   Level 23.4 Unarmed Combat
 - Level 21.5 Invocations
 - Level 15.1 Evocations


You had 26 spell levels left.
You didn't know any spells.
Your spell library contained the following spells:

 Spells                   Type           Power        Failure   Level  Hunger
 Animate Skeleton         Necr           N/A          83%         1    ##.....
 Apportation              Tloc           #.....       83%         1    ##.....
 Corona                   Hex            #......      83%         1    ##.....
 Flame Tongue             Conj/Fire      #....        83%         1    ##.....
 Magic Dart               Conj           #...         83%         1    ##.....
 Pain                     Necr           #.....       83%         1    ##.....
 Summon Butterflies       Summ           #.......     83%         1    ##.....
 Blink                    Tloc           N/A          92%         2    ###....
 Call Imp                 Summ           #.......     92%         2    ###....
 Ensorcelled Hibernation  Hex/Ice        #.....       92%         2    ###....
 Flaming Arrows           Chrm/Fire      #.......     92%         2    ###....
 Passwall                 Tmut/Erth      #.......     92%         2    ###....
 Searing Ray              Conj           #.....       92%         2    ###....
 Song of Slaying          Chrm           #.......     92%         2    ###....
 Sticks to Snakes         Tmut           #.......     92%         2    ###....
 Swiftness                Chrm/Air       #.......     92%         2    ###....
 Beckoning                Tloc           #.........   99%         3    ####...
 Call Canine Familiar     Summ           #.......     99%         3    ####...
 Confuse                  Hex            #.......     99%         3    ####...
 Dazzling Spray           Conj/Hex       #.....       99%         3    ####...
 Ignite Poison            Fire/Tmut/Pois #.......     99%         3    ####...
 Inner Flame              Hex/Fire       N/A          99%         3    ####...
 Iskenderun's Mystic Bla  Conj           #.......     99%         3    ####...
 Leda's Liquefaction      Hex/Erth       #.........   99%         3    ####...
 Mephitic Cloud           Conj/Pois/Air  #.......     99%         3    ####...
 Recall                   Summ/Tloc      N/A          99%         3    ####...
 Regeneration             Chrm/Necr      #.........   99%         3    ####...
 Tukima's Dance           Hex            #.......     99%         3    ####...
 Vampiric Draining        Necr           #.........   99%         3    ####...
 Animate Dead             Necr           N/A          100%        4    #####..
 Fulminant Prism          Conj/Hex       #.........   100%        4    #####..
 Ice Form                 Ice/Tmut       #.......     100%        4    #####..
 Olgreb's Toxic Radiance  Pois           #.......     100%        4    #####..
 Summon Ice Beast         Ice/Summ       #.......     100%        4    #####..
 Yara's Violent Unravell  Hex/Tmut       #.........   100%        4    #####..
 Bolt of Draining         Conj/Necr      #.........   100%        5    ######.
 Bolt of Magma            Conj/Fire/Erth #.........   100%        5    ######.
 Fireball                 Conj/Fire      #.........   100%        5    ######.
 Irradiate                Conj/Tmut      #.........   100%        5    ######.
 Iskenderun's Battlesphe  Conj/Chrm      #.......     100%        5    ######.
 Lee's Rapid Deconstruct  Erth           #.........   100%        5    ######.
 Metabolic Englaciation   Hex/Ice        #.........   100%        5    ######.
 Piercing Shot            Chrm           #.........   100%        5    ######.
 Silence                  Hex/Air        #.........   100%        5    ######.
 Summon Demon             Summ           #.........   100%        5    ######.
 Summon Mana Viper        Hex/Summ       #.......     100%        5    ######.
 Tree Form                Hex/Tmut       N/A          100%        5    ######.
 Bolt of Cold             Conj/Ice       #.........   100%        6    #######
 Bolt of Fire             Conj/Fire      #.........   100%        6    #######
 Conjure Ball Lightning   Conj/Air       #.........   100%        6    #######
 Darkness                 Hex            #.........   100%        6    #######
 Deflect Missiles         Chrm/Air       #.........   100%        6    #######
 Freezing Cloud           Ice/Air        #.........   100%        6    #######
 Infestation              Hex/Tmut/Pois  #........    100%        6    #######
 Invisibility             Hex            #.......     100%        6    #######
 Iron Shot                Conj/Erth      #.........   100%        6    #######
 Ozocubu's Refrigeration  Ice            #.........   100%        6    #######
 Simulacrum               Ice/Necr       #.........   100%        6    #######
 Statue Form              Tmut/Erth      #........    100%        6    #######
 Steam Barrier            Chrm/Fire      #.........   100%        6    #######
 Summon Hydra             Summ           #.........   100%        6    #######
 Dragon Form              Tmut           #......      100%        7    #######
 Monstrous Menagerie      Summ           #.........   100%        7    #######
 Discord                  Hex            #.........   100%        8    #######
 Ignition                 Fire           #.........   100%        8    #######
 Necromutation            Tmut/Necr      #.......     100%        8    #######
 Fire Storm               Conj/Fire      #.........   100%        9    #######
 Shatter                  Erth           #.........   100%        9    #######
 Passage of Golubria      Tloc           Unusable     N/A         5    N/A

Dungeon Overview and Level Annotations

Branches:
Dungeon (12/12)            Temple (0/1) D:7            Lair (6/6) D:8
  Swamp (3/3) Lair:4        Snake (3/3) Lair:3        Slime (0/5) Lair:6
    Orc (1/1) D:11            Elf (3/3) Orc          Vaults (3/3) D:11
  Crypt (2/2) Vaults:1       Tomb (1/3) Crypt:2      Depths (5/5) D:12
   Hell (1/1)                 Zot (5/5) Depths:5
    Dis: Hell:1         Geh: Hell:1         Coc: Hell:1         Tar: Hell:1

Altars:
Ashenzari
Cheibriados
Elyvilon
Fedhas
Gozag
Hepliaklqana
Kikubaaqudgha
Lugonu
Makhleb
Nemelex Xobeh
Okawaru
Qazlal
Ru
Trog
Uskayaw
Vehumet
Wu Jian
Xom
Yredelemnul
The Shining One
Beogh
Jiyva

Shops:
D:8 =%==*   D:9 *   D:10 !   Orc :}}((   Elf:3 *[[*   Snake:1 %   Vaults:1 }
Vaults:2 ?   Depths:2 *

Portals:
Hell: Depths:1 Depths:2 Depths:3 Depths:4 Depths:5
Abyss: Depths:1 Depths:4
Pandemonium: Depths:3
Ziggurat: Depths:4

Annotations:
D:6 exclusion: statue


Innate Abilities, Weirdness & Mutations

Your body often deteriorates upon taking damage.


Message History

The gelid black sun begins absorbing vital energies!
You block the soul eater's attack.
Things that are here:
a +0 mace; a +0 scale mail You open the soul eater like a pillowcase!!!
The soul eater convulses!!!
You kill the soul eater!
The Shining One accepts your kill.
You feel the corruption within you wane completely.
You feel robust. x2
You slice the gelid black sun!!
The gelid black sun convulses!
The gelid black sun is heavily wounded.
You carve the gelid black sun like a ham!!!
You kill the gelid black sun!
The Shining One accepts your kill.
You feel better.
You feel your power returning.
There is a staircase leading out of the dungeon here.
Okay, then.
Okay, then.
You have escaped!

####..##.#.###...#.#
#.##.##.##
#..##......#....#
#.##.....>
#..####.###.)#..##
#.#####.##
#.....(.....#.#).####.# #.#
# #.###......#...#......#
#.# ## #.#
#.#####.....#####.# #.#
.###.###..#...........#..#
#.#
#.##.......#.........#...##
#.#
...........#....@....#....#
#.#
#.#####...#....(......#...#
#.# .##
#..#####.....#####..# #.##
## #.......#...#.......#
#... #
#.#####..#.#...[..#.# ##..
#.######..#..#.##.#.# #.#
#....# ##...##.##.#># ###.#
####.# ######.##.#.###....
#.# #.##.........#


There were no monsters in sight!

Vanquished Creatures
  2 juggernauts
  5 orbs of fire
  4 ancient liches
  8 Killer Klowns
  7 golden dragons
  Xtahua (Vaults:2)
  Bai Suzhen (Depths:2)
  6 caustic shrikes
  2 curse toes (Zot:5)
  Geryon (Hell)
  2 profane servitors
  4 bone dragons
  Jory (Depths:3)
  8 electric golems
  8 liches
  18 tentacled monstrosities
  Jorgrun (D:11)
  2 deep elf master archers (Elf:3)
  26 Orb Guardians
  4 deep elf blademasters
  8 quicksilver dragons
  The ghost of Zoigrime the Blocker, an adept FoFi of Jiyva (Lair:4)
  A titan (Vaults:3)
  An ancient champion (Crypt:1)
  11 death cobs
  2 thorn hunters (Swamp:3)
  11 sphinxes
  10 tengu reavers
  3 tentacled starspawn
  Kirke (Lair:3)
  9 nagarajas
  7 shadow dragons
  9 frost giants
  A daeva (Abyss:2)
  8 draconian monks
  8 storm dragons
  A revenant (Crypt:1)
  5 imperial myrmidons (Desolation)
  6 iron dragons
  13 fire giants
  A cacodemon (Abyss:1)
  A draconian knight (Zot:1)
  6 deep elf sorcerers
  12 vault wardens
  6 ghost moths
  4 draconian stormcallers
  An angel (Abyss:3)
  9 ghouls (Crypt:2)
  3 deep elf elementalists
  7 draconian shifters
  19 stone giants
  7 ironheart preservers
  2 curse skulls (Crypt:2)
  2 draconian annihilators
  5 reapers
  7 draconian scorchers
  2 war gargoyles (Vaults:3)
  2 entropy weavers (Vaults:3)
  7 spriggan defenders
  13 very ugly things
  12 green draconians
  A corrupter (D:1)
  7 deep elf demonologists
  6 black draconians
  A blood saint (D:1)
  6 deep elf annihilators
  3 lorocyprocas
  9 vampire knights
  11 white draconians
  A black sun (D:1)
  6 red draconians
  6 yellow draconians
  13 purple draconians
  10 eidola
  2 crystal guardians
  7 deep elf death magi
  A spark wasp (Depths:4)
  2 pearl dragon zombies (Crypt:1)
  21 ettins
  A quicksilver dragon zombie (Crypt:2)
  2 jiangshi
  A mummy priest (Crypt:2)
  12 yaktaur captains
  2 merfolk impalers (Depths:2)
  Josephine (D:10)
  4 blizzard demons
  4 deep elf high priests (Elf:3)
  3 ragged hierophants (Desolation)
  10 rakshasas
  5 fire dragons
  5 ogre magi
  6 spriggan air magi
  8 great orbs of eyes
  8 servants of whispers (Desolation)
  6 naga warriors
  6 peacekeepers (Desolation)
  2 monstrous demonspawn (D:12)
  26 vault guards
  26 hydras
  Harold (D:10)
  3 ice dragons
  3 catoblepae (Lair:6)
  5 centaur warriors
  A hell beast (Depths:1)
  18 anacondas
  3 shambling mangroves (Swamp:2)
  8 alligators
  6 death knights
  4 tengu warriors
  7 two-headed ogres
  3 hell hogs (Crypt:1)
  15 death yaks
  3 vampire magi
  Urug (Lair:1)
  27 dancing weapons
  10 deep troll shamans
  Sonja (D:11)
  6 soul eaters
  5 deep troll earth magi
  2 thrashing horrors (Abyss:4)
  An orc high priest (Orc)
  11 naga sharpshooters
  6 sun demons
  3 spriggan berserkers
  10 shock serpents
  22 deep elf knights
  4 wretched stars
  A sixfirhy (Abyss:1)
  Nergalle (Lair:3)
  29 skeletal warriors
  5 iron trolls
  A titan skeleton (Crypt:1)
  2 salamander mystics
  34 deep trolls
  9 shadow wraiths
  11 flayed ghosts
  17 hell knights
  A deep troll (shapeshifter) (Elf:1)
  2 unseen horrors
  3 spriggan druids
  6 sea snakes (Snake:1)
  A lindwurm (shapeshifter) (Depths:4)
  13 swamp dragons
  An infernal demonspawn (Depths:3)
  2 wizards
  A shadow dragon zombie (Crypt:2)
  6 glowing orange brains
  An anaconda skeleton (Abyss:1)
  13 deep elf archers
  11 naga ritualists
  6 necromancers
  A cyclops (D:10)
  18 ironbrand convokers
  A wolf spider zombie (Crypt:2)
  20 phantasmal warriors
  5 orc knights
  A fire giant zombie (Crypt:2)
  5 wolf spiders
  5 mana vipers
  38 moths of wrath
  64 deep elf magi
  16 salamanders
  The ghost of emiel the Geomancer, a novice SDEE of Cheibriados (D:7)
  A frost giant zombie (Crypt:2)
  2 iron dragon skeletons
  29 ugly things
  2 worldbinders
  2 manticores (Lair:6)
  4 orc sorcerers
  A moth of wrath (shapeshifter) (Vaults:2)
  A centaur zombie (D:10)
  2 stone giant zombies (D:12)
  A shadow dragon skeleton (Abyss:3)
  4 apis skeletons (Crypt:1)
  15 guardian serpents
  14 naga magi
  4 rust devils (Depths:4)
  An apocalypse crab (Abyss:4)
  30 black mambas
  2 stone giant skeletons
  A dire elephant zombie (Crypt:2)
  6 elephants (Lair:3)
  12 vault sentinels
  Maurice (D:10)
  Joseph (Lair:1)
  A gargoyle (D:10)
  A molten gargoyle (Desolation)
  4 smoke demons
  12 cane toads
  3 hellions
  6 rime drakes
  3 orange demons
  A torpor snail (Lair:6)
  5 tengu conjurers
  30 yaktaurs
  A kobold demonologist (D:10)
  2 tormentors
  2 emperor scorpion zombies (Crypt:2)
  A storm dragon simulacrum (Depths:2)
  An ice devil (Hell)
  An efreet (Abyss:1)
  7 freezing wraiths
  3 komodo dragons
  4 ancient zymes
  A silent spectre (Abyss:4)
  A hellwing (Abyss:3)
  A yaktaur skeleton (Depths:1)
  6 guardian mummies
  A meliai (shapeshifter) (Vaults:1)
  5 trolls
  17 hornets
  A tyrant leech (shapeshifter) (Depths:5)
  2 jumping spiders (Crypt:2)
  A queen bee (D:10)
  2 trolls (shapeshifter)
  A hydra zombie (Crypt:2)
  3 tyrant leeches
  3 polar bears
  2 red devils
  3 slime creatures
  49 saltlings (Desolation)
  A bog body (Swamp:2)
  7 raiju (Abyss:3)
  6 dream sheep (Lair:4)
  4 ettin zombies
  A frost giant simulacrum (Vaults:1)
  11 blink frogs
  A stone giant simulacrum (Depths:2)
  A fire dragon zombie (D:12)
  9 hippogriffs
  A fire dragon skeleton (Abyss:1)
  6 flying skulls (Tomb:1)
  An ice dragon skeleton (Abyss:1)
  10 ynoxinuls
  11 spriggans
  4 air elementals
  A vampire (Abyss:3)
  13 shadows
  3 starcursed masses (Abyss:3)
  19 wraiths
  A redback (Crypt:2)
  4 hogs (Lair:3)
  2 ushabtiu
  43 yaks
  2 wyverns
  8 fire bats
  22 water elementals
  4 fire elementals
  5 basilisks
  A hog (shapeshifter) (Vaults:1)
  A neqoxec (Abyss:4)
  23 vampire mosquitoes
  3 chaos spawn
  4 hungry ghosts
  A steam dragon (Lair:4)
  17 large abominations
  Menkaure (D:7)
  A warg (Orc)
  12 insubstantial wisps
  A monstrous demonspawn zombie (Crypt:1)
  11 swamp worms
  36 nagas
  12 water moccasins
  6 porcupines
  7 swamp drakes (Swamp:3)
  9 small abominations
  A cane toad skeleton (Abyss:3)
  4 ice beasts
  11 orc warriors
  4 phantoms
  5 sky beasts
  A dream sheep zombie (Crypt:1)
  3 eyes of draining
  A fire dragon simulacrum (Depths:1)
  5 boggarts (Depths:2)
  19 necrophages
  5 wolves
  14 ogres
  17 centaurs
  8 crocodiles
  2 big kobolds
  9 bullfrogs
  A big kobold (shapeshifter) (Vaults:2)
  2 wyvern zombies (D:8)
  A gnoll sergeant (D:7)
  An earth elemental (Elf:1)
  7 wyvern skeletons (Crypt:2)
  3 scorpions
  34 killer bees
  8 wights
  3 human simulacra
  5 howler monkeys
  11 electric eels
  6 crimson imps
  A bullfrog zombie (D:5)
  4 jellies
  5 hounds
  2 quasits
  3 human zombies (Crypt:1)
  An iron imp (Abyss:1)
  A gnoll shaman (D:5)
  2 bullfrog skeletons (D:6)
  12 orc priests
  2 iguanas
  A human skeleton (Crypt:1)
  25 orc wizards
  4 worker ants
  A lightning spire (Zot:3)
  2 hound zombies
  A hound skeleton (D:4)
  7 mummies
  4 worker ant zombies
  19 gnolls
  25 adders
  3 shadow imps
  A white imp (D:9)
  4 ufetubi
  3 oozes
  An adder skeleton (D:6)
  2 worms
  2 dart slugs
  5 leopard geckos
  22 orcs
  A bat zombie (Crypt:1)
  8 giant cockroaches
  8 goblins
  21 hobgoblins
  12 jackals
  33 kobolds
  5 quokkas
  6 bats
  4 frilled lizards
  3 goblin skeletons (D:9)
  A hobgoblin zombie (D:9)
  2 jackal skeletons
  A kobold skeleton (D:9)
  A kobold zombie (D:9)
  An orc skeleton (Crypt:1)
  An orc zombie (D:9)
  A quokka zombie (D:4)
  5 rats
  A river rat skeleton (Crypt:1)
  2 briar patches (Swamp:3)
  A bush (D:8)
  2 fire vortices (Depths:2)
  A lurking horror (Abyss:3)
  2 withered plants (Crypt:2)
2296 creatures vanquished.

Vanquished Creatures (collateral kills)
  Vashnia (Snake:2)
  An Orb Guardian (Zot:5)
  A vault warden (Vaults:3)
  Aizul (Swamp:3)
  A reaper (Hell)
  3 naga sharpshooters (Snake:2)
  A skeletal warrior (Hell)
  2 rust devils (Hell)
  A yaktaur (Vaults:3)
  A freezing wraith (Hell)
  A tyrant leech (Swamp:3)
14 creatures vanquished.

Vanquished Creatures (others)
  A moth of wrath (Zot:5)
  A rime drake (Lair:3)
  A human (Lair:3)
  A soldier ant (shapeshifter) (Depths:4)
  An ogre (Vaults:3)
  A white imp (Hell)
  An orc (D:10)
  2 fungi
  7 plants
  7 starspawn tentacles
  5 toadstools (D:11)
  A withered plant (Crypt:2)
29 creatures vanquished.

Grand Total: 2339 creatures vanquished

Notes
Turn   | Place    | Note
-------+----------+-------------------------------------------
     0 | D:1      | esc the Hill Orc Fighter began the quest for the Orb.
     0 | D:1      | Reached XP level 1. HP: 20/20 MP: 1/1
   119 | D:1      | Reached XP level 2. HP: 27/27 MP: 2/2
   297 | D:1      | Reached XP level 3. HP: 33/34 MP: 3/3
   821 | D:2      | Reached skill level 4 in Armour
  1027 | D:2      | Reached XP level 4. HP: 41/41 MP: 4/4
  1094 | D:2      | Found a sacrificial altar of Ru.
  1631 | D:3      | Reached XP level 5. HP: 44/47 MP: 5/5
  2110 | D:3      | Found a white marble altar of Elyvilon.
  2110 | D:3      | Found a glowing golden altar of the Shining One.
  2117 | D:3      | Found a stormy altar of Qazlal.
  2117 | D:3      | Found a basalt altar of Yredelemnul.
  2131 | D:3      | Found an ancient bone altar of Kikubaaqudgha.
  2143 | D:3      | Became a worshipper of the Shining One
  2169 | D:3      | Found a hazy altar of Hepliaklqana.
  2177 | D:3      | Reached XP level 6. HP: 54/55 MP: 6/6
  2196 | D:3      | Found a sacrificial altar of Ru.
  2273 | D:4      | Reached skill level 5 in Fighting
  2273 | D:4      | Reached skill level 5 in Armour
  2310 | D:4      | Found a shattered altar of Ashenzari.
  2401 | D:4      | Reached skill level 5 in Shields
  2747 | D:4      | Noticed an ice beast
  2758 | D:4      | Killed an ice beast
  2783 | D:4      | Reached XP level 7. HP: 29/61 MP: 7/7
  3014 | D:5      | Entered Level 5 of the Dungeon
  3174 | D:5      | Reached skill level 6 in Armour
  3197 | D:5      | Found an ornate altar of the Wu Jian Council.
  3253 | D:5      | Reached * piety under the Shining One
  3325 | D:5      | Found a hide-covered altar of Uskayaw.
  3421 | D:5      | Reached XP level 8. HP: 70/70 MP: 8/8
  3448 | D:5      | Identified the +6 plate armour of Fun and Games {rElec
                  | rPois Str-2}
  3519 | D:5      | Found a snail-covered altar of Cheibriados.
  3520 | D:5      | Found an opulent altar of Gozag.
  3556 | D:5      | Reached skill level 7 in Armour
  3991 | D:6      | Reached skill level 8 in Armour
  4081 | D:6      | Reached ** piety under the Shining One
  4122 | D:6      | Reached XP level 9. HP: 78/78 MP: 9/9
  4147 | D:6      | Reached skill level 9 in Armour
  4607 | D:6      | Found a radiant altar of Vehumet.
  4794 | D:7      | Found a staircase to the Ecumenical Temple.
  4934 | D:7      | Reached skill level 10 in Armour
  4978 | D:7      | Noticed a moth of wrath
  4983 | D:7      | Found a transporter.
  5024 | D:7      | Noticed emiel's ghost (novice SDEE)
  5033 | D:7      | Found a transporter.
  5039 | D:7      | Noticed Menkaure
  5052 | D:7      | Killed Menkaure
  5241 | D:7      | Noticed a troll
  5250 | D:7      | Killed a troll
  5522 | D:7      | Found a corrupted altar of Lugonu.
  5777 | D:7      | Reached skill level 11 in Armour
  5778 | D:7      | Found a bloodstained altar of Trog.
  5794 | D:7      | Reached XP level 10. HP: 88/88 MP: 0/10
  6107 | D:8      | Found Dibbu's Jewellery Boutique.
  6182 | D:8      | Found a burning altar of Makhleb.
  6204 | D:8      | Reached *** piety under the Shining One
  6225 | D:8      | Reached skill level 12 in Armour
  6230 | D:8      | Found Rockaic's Jewellery Shop.
  6231 | D:8      | Found Ulykasim's Food Shop.
  6259 | D:8      | Reached skill level 10 in Shields
  6280 | D:8      | Found Ojuwoge's General Store.
  6281 | D:8      | Found Alyabo's Jewellery Shop.
  6332 | D:8      | Found a flagged portal.
  6339 | D:8      | Got a twitching amber ring
  6341 | D:8      | Got a shimmering hand axe
  6354 | D:8      | Identified the +1 hand axe "Kekheu" {flame, rC+ MP+9 Str+4
                  | Int-3} (You found it on level 8 of the Dungeon)
  6355 | D:8      | Identified the ring of Obsession {rElec rPois rC+ SInv}
                  | (You found it on level 8 of the Dungeon)
  6359 | Bailey   | Entered a bailey
  6766 | D:8      | Found a sparkling altar of Nemelex Xobeh.
  6814 | D:8      | Found an iron altar of Okawaru.
  6834 | D:8      | Found a staircase to the Lair.
  6877 | D:8      | Found a blossoming altar of Fedhas.
  7089 | Lair:1   | Entered Level 1 of the Lair of Beasts
  7089 | Lair:1   | Noticed a cane toad
  7100 | Lair:1   | Killed a cane toad
  7100 | Lair:1   | Reached skill level 13 in Armour
  7462 | Lair:1   | Reached XP level 11. HP: 75/96 MP: 8/11
  7470 | Lair:1   | Noticed Urug
  7780 | Lair:1   | Killed Urug
  8067 | Lair:1   | Reached skill level 14 in Armour
  8089 | Lair:1   | Noticed Joseph
  8100 | Lair:1   | Killed Joseph
  8571 | Lair:2   | Reached **** piety under the Shining One
  8873 | Lair:2   | Noticed a wolf spider
  8891 | Lair:2   | Killed a wolf spider
  9384 | Lair:3   | Noticed Kirke
  9419 | Lair:3   | Reached skill level 10 in Fighting
  9494 | Lair:3   | Noticed a harpy
  9494 | Lair:3   | Noticed a harpy
  9496 | Lair:3   | Noticed a manticore
  9503 | Lair:3   | HP: 2/98 [hog[Kirke] (9)]
  9504 | Lair:3   | Mangled by a harpy
  9505 | Lair:3   | Found a staircase to the Snake Pit.
  9505 | Lair:3   | Reached XP level 10. HP: -7/92 MP: 0/10
  9511 | Lair:3   | Noticed Nergalle
  9518 | Lair:3   | Reached XP level 11. HP: 89/99 MP: 8/11
  9528 | Lair:3   | Killed Nergalle
  9644 | Lair:3   | Noticed a sphinx
  9646 | Lair:3   | Killed Kirke
  9646 | Lair:3   | Reached skill level 15 in Armour
  9802 | Lair:3   | Noticed a five-headed hydra
  9839 | Lair:3   | Killed a five-headed hydra
 10585 | Lair:4   | Reached XP level 12. HP: 88/108 MP: 10/15
 10597 | Lair:4   | Reached skill level 5 in Invocations
 11014 | Lair:4   | Noticed a seven-headed hydra
 11024 | Lair:4   | Killed a seven-headed hydra
 11224 | Lair:4   | Found a staircase to the Swamp.
 11462 | Lair:5   | Noticed a death yak
 11463 | Lair:5   | Noticed a death yak
 11463 | Lair:5   | Noticed a death yak
 11463 | Lair:5   | Noticed a death yak
 11464 | Lair:5   | Noticed a death yak
 11477 | Lair:5   | Noticed a death yak
 11487 | Lair:4   | Killed a death yak
 11618 | Lair:4   | Killed a death yak
 11624 | Lair:4   | Killed a death yak
 11726 | Lair:5   | Killed a death yak
 11732 | Lair:5   | Killed a death yak
 12116 | D:8      | Bought a scroll of teleportation for 48 gold pieces
 12116 | D:8      | Bought a potion of heal wounds for 80 gold pieces
 12208 | D:9      | Found Wefaitat's Assorted Antiques.
 12216 | D:9      | Bought a scroll of identify for 44 gold pieces
 12216 | D:9      | Bought a scroll of identify for 44 gold pieces
 12216 | D:9      | Bought a scroll labeled YNGU TECUX ENK for 22 gold pieces
 12264 | D:9      | Found a shimmering altar of Xom.
 12264 | D:9      | Found a shimmering altar of Xom.
 12264 | D:9      | Found a shimmering altar of Xom.
 12370 | D:9      | Found a glowing golden altar of the Shining One.
 12741 | D:9      | Found a shimmering altar of Xom.
 12743 | D:9      | Found a shimmering altar of Xom.
 12746 | D:9      | Found a shimmering altar of Xom.
 12746 | D:9      | Found a shimmering altar of Xom.
 12953 | D:7      | Reached XP level 13. HP: 106/116 MP: 15/18
 12960 | D:7      | Reached skill level 16 in Armour
 12965 | D:7      | Killed emiel's ghost
 13116 | D:10     | Entered Level 10 of the Dungeon
 13138 | D:10     | Noticed Josephine
 13138 | D:10     | Reached ***** piety under the Shining One
 13147 | D:10     | Killed Josephine
 13299 | D:10     | Noticed Harold
 13333 | D:10     | Identified the +10 chain mail of Tidel {*Drain rF+ rCorr
                  | Stlth+}
 13346 | D:10     | Killed Harold
 13536 | D:10     | Found Iqoodd's Distillery.
 13543 | D:10     | Bought a potion of heal wounds for 50 gold pieces
 13543 | D:10     | Bought 2 potions of haste for 200 gold pieces
 13733 | D:10     | Noticed Maurice
 13748 | D:10     | Killed Maurice
 14076 | D:11     | Noticed Jorgrun
 14151 | D:11     | Killed Jorgrun
 14389 | D:11     | Noticed Sonja
 14399 | D:11     | Noticed an ogre mage
 14544 | D:11     | Found a staircase to the Orcish Mines.
 14759 | D:11     | Killed Sonja
 14981 | D:11     | Found a burning altar of Makhleb.
 15032 | D:11     | Noticed a vault guard
 15045 | D:11     | Killed a vault guard
 15045 | D:11     | Reached skill level 10 in Invocations
 15065 | D:11     | Killed an ogre mage
 15072 | D:11     | Found a gate to the Vaults.
 15072 | D:11     | Noticed a vault guard
 15081 | D:11     | Killed a vault guard
 15092 | D:11     | Reached XP level 14. HP: 89/126 MP: 15/21
 15397 | Orc      | Entered the Orcish Mines
 15541 | Orc      | Paralysed by an orc sorcerer for 4 turns
 15833 | Orc      | Found Gepievu's Gadget Boutique.
 15835 | Orc      | Found Yskoet's Antique Weapon Shop.
 15835 | Orc      | Found Emullof's Gadget Shop.
 15843 | Orc      | Found Papurod's Book Boutique.
 16052 | Orc      | Found a staircase to the Elven Halls.
 16410 | Orc      | Found a roughly hewn altar of Beogh.
 16443 | Orc      | Found Yrefegy's Antique Weapon Shop.
 16702 | Orc      | Bought a scorched morningstar for 225 gold pieces
 16702 | Orc      | Identified the +8 morningstar of Vodka {crush, MR- Dex+4}
                  | (You bought it in a shop in the Orcish Mines)
 17023 | Lair:5   | Reached skill level 17 in Armour
 17023 | Lair:5   | Reached skill level 15 in Shields
 17023 | Lair:5   | Reached XP level 15. HP: 134/134 MP: 23/23
 17552 | Lair:6   | Entered Level 6 of the Lair of Beasts
 18521 | Lair:6   | Found a staircase to the Slime Pits.
 18522 | Lair:6   | Found a viscous altar of Jiyva.
 18909 | Lair:6   | Got a glittering bronze ring
 18911 | Lair:6   | Identified the ring "Pejew" {rC+ rCorr} (You found it on
                  | level 6 of the Lair of Beasts)
 19031 | Swamp:1  | Entered Level 1 of the Swamp
 19206 | Swamp:1  | Reached skill level 1 in Evocations
 19222 | Swamp:1  | Reached skill level 1 in Dodging
 19285 | Swamp:1  | Found a runed translucent gate.
 19287 | Swamp:1  | Found a runed translucent gate.
 19287 | Swamp:1  | Found a runed translucent gate.
 19288 | Swamp:1  | Noticed Zoigrime's ghost (adept FoFi)
 19345 | Swamp:1  | Reached ****** piety under the Shining One
 19351 | Swamp:1  | Reached XP level 16. HP: 139/141 MP: 25/25
 19703 | Swamp:2  | Got a jewelled plate armour
 20151 | Swamp:2  | Identified the +0 plate armour "Xitog" {Str+2 Dex+3} (You
                  | found it on level 2 of the Swamp)
 20697 | Swamp:3  | Entered Level 3 of the Swamp
 20842 | Swamp:3  | Noticed a thorn hunter
 20873 | Swamp:3  | Killed a thorn hunter
 21190 | Swamp:3  | Reached skill level 18 in Armour
 21326 | Swamp:3  | Noticed a thorn hunter
 21345 | Swamp:3  | Killed a thorn hunter
 21809 | Swamp:3  | Noticed Aizul
 21827 | Swamp:3  | Killed Aizul
 22179 | Swamp:3  | Got a decaying rune of Zot
 22852 | Lair:4   | Killed Zoigrime's ghost
 22852 | Lair:4   | Reached skill level 5 in Evocations
 22852 | Lair:4   | Reached XP level 17. HP: 113/150 MP: 24/27
 22897 | Swamp:1  | Identified the +6 broad axe of the Distant Future {protect,
                  | *Corrode MR++ Stlth+}
 23235 | D:12     | Entered Level 12 of the Dungeon
 23358 | D:12     | Found a staircase to the Depths.
 23989 | Depths:1 | Entered Level 1 of the Depths
 24305 | Depths:1 | Found a gateway to Hell.
 24481 | Depths:1 | Reached skill level 5 in Dodging
 24901 | Depths:1 | Paralysed by a vampire knight for 4 turns
 24935 | Depths:1 | Paralysed by a great orb of eyes for 2 turns
 24941 | Depths:1 | Paralysed by a great orb of eyes for 3 turns
 25486 | Depths:1 | Found a one-way gate to the infinite horrors of the Abyss.
 25716 | Depths:1 | Reached skill level 15 in Invocations
 26134 | Snake:1  | Entered Level 1 of the Snake Pit
 26463 | Snake:1  | Reached XP level 18. HP: 148/159 MP: 26/29
 27250 | Snake:1  | Found Letutsyt's Food Shoppe.
 27255 | Snake:1  | Reached skill level 19 in Armour
 27788 | Snake:2  | Noticed Vashnia
 28304 | Snake:2  | Identified the cursed +1 trident of Pimaset {pierce, Str+2}
 28449 | Snake:2  | Killed Vashnia
 29210 | Snake:3  | Entered Level 3 of the Snake Pit
 29502 | Snake:3  | Identified the +2 mace of Ociwotidd {flame, Str+2}
 30157 | Snake:3  | Identified a scroll of acquirement
 30225 | Snake:3  | Reached XP level 19. HP: 163/168 MP: 31/31
 32080 | Snake:3  | Got a serpentine rune of Zot
 32365 | Vaults:1 | Entered Level 1 of the Vaults
 32414 | Vaults:1 | Reached skill level 15 in Fighting
 32690 | Vaults:1 | Found Hefib's Gadget Emporium.
 33028 | Vaults:1 | Found a staircase to the Crypt.
 33875 | Vaults:2 | Identified the +1 leather armour "Kikko" {+Blink rC+ MP+9}
 33880 | Vaults:2 | Identified the +3 ring mail of the Carpenter {rN+ Regen+
                  | rCorr Str+4}
 34146 | Vaults:2 | Found a ruined gateway.
 34151 | Desolati | Entered the Desolation of Salt
 34287 | Desolati | Reached skill level 1 in Stealth
 34330 | Desolati | Reached skill level 10 in Evocations
 34330 | Desolati | Reached XP level 20. HP: 180/180 MP: 32/32
 34378 | Desolati | Identified the ring of Youthful Indiscretion {+Fly rPois
                  | rF+ MP+9}
 34390 | Desolati | Identified Onleanou's Almanac of the Blaze and Clay
 35094 | Desolati | Identified the Catalogue of Slavery
 35237 | Desolati | Identified the ring of Vehodd {Wiz +Blink rPois}
 35277 | Desolati | Reached skill level 20 in Armour
 35440 | Desolati | Identified the Compendium of Torrid Execration
 35443 | Desolati | Identified the ring "Menkihics" {MP+9 EV+1}
 35738 | Vaults:2 | Paralysed by a sphinx for 4 turns
 36007 | Vaults:2 | Noticed Xtahua
 36013 | Vaults:2 | Paralysed by Xtahua for 2 turns
 36023 | Vaults:2 | Killed Xtahua
 36024 | Vaults:2 | Found the +6 fire dragon scales of Xtahua {rF+++ rC- MR+}
 36424 | Vaults:2 | Found Paeclizu's Magic Scroll Shop.
 36434 | Vaults:2 | Bought a scroll of enchant weapon for 135 gold pieces
 36434 | Vaults:2 | Bought a scroll of teleportation for 54 gold pieces
 36434 | Vaults:2 | Bought a scroll of enchant armour for 135 gold pieces
 36434 | Vaults:2 | Bought a scroll of teleportation for 54 gold pieces
 37282 | Elf:1    | Entered Level 1 of the Elven Halls
 37984 | Elf:1    | Reached XP level 21. HP: 126/188 MP: 26/33
 38340 | Elf:1    | Cast into level 1 of the Abyss (a deep elf demonologist)
 38549 | Abyss:1  | Gained mutation: Your body sometimes deteriorates upon
                  | taking damage. [a cacodemon]
 38580 | Abyss:1  | Reached skill level 5 in Stealth
 38835 | Elf:1    | Escaped the Abyss
 39287 | Elf:1    | Cast into level 2 of the Abyss (a deep elf sorcerer)
 39528 | Elf:1    | Escaped the Abyss
 39672 | Elf:2    | Found a portal to a secret trove of treasure.
 39839 | Elf:2    | Found a runed gate.
 39840 | Elf:2    | Found a runed gate.
 39842 | Elf:2    | Found a runed gate.
 40596 | Elf:3    | Entered Level 3 of the Elven Halls
 40789 | Elf:3    | Identified the +0 cloak of the Depths {rC+ MR- Regen+
                  | Int+2}
 41029 | Elf:3    | Found Pucha's Armour Emporium.
 41793 | Elf:3    | Reached XP level 22. HP: 178/198 MP: 33/35
 41880 | Elf:3    | Cast into level 3 of the Abyss (a deep elf demonologist)
 42837 | Elf:3    | Escaped the Abyss
 42875 | Elf:3    | Cast into level 4 of the Abyss (a deep elf demonologist)
 42875 | Abyss:4  | Found a corrupted altar of Lugonu.
 43206 | Elf:3    | Escaped the Abyss
 43426 | Elf:3    | Found Lusife's Assorted Antiques.
 43445 | Elf:3    | Bought a scroll labeled GAJIWEN SIETS for 24 gold pieces
 43445 | Elf:3    | Bought a scroll of teleportation for 72 gold pieces
 43446 | Elf:3    | Bought a granite ring for 120 gold pieces
 43465 | Elf:3    | Found Girieseo's Antique Armour Shoppe.
 43472 | Elf:3    | Found Siasuz's Assorted Antiques.
 43486 | Elf:3    | Bought a steaming helmet for 266 gold pieces
 43486 | Elf:3    | Identified the +1 helmet of Ennui {-Cast rF++ rC- Str+9}
                  | (You bought it in a shop on level 3 of the Elven Halls)
 43503 | Elf:3    | Bought a scroll of teleportation for 132 gold pieces
 43503 | Elf:3    | Bought a faintly glowing turquoise ring for 220 gold pieces
 43503 | Elf:3    | Identified the ring "Xudien" {rC+ MP+9 Str+4 Int-3} (You
                  | bought it in a shop on level 3 of the Elven Halls)
 43820 | Elf:3    | Identified the +0 robe of the Kangaroo {*Contam rN+++ MR+
                  | Regen+}
 43820 | Elf:3    | Identified the ring of the Morning {+Blink rElec rF+ MP+9}
 43824 | Elf:3    | Identified the +3 spear "Basarene" {pierce, rN+}
 43824 | Elf:3    | Identified the cursed +1 robe of Dim Light {rElec Stlth+}
 43838 | Elf:3    | Reached skill level 21 in Armour
 43981 | Elf:3    | Identified the ring of Gonag {rF+ rCorr Int+4}
 43993 | Elf:3    | Identified the cursed +0 shield of the Robin {Str+4 Dex+4}
 43997 | Elf:3    | Found the +10 large shield of Ignorance {rN+ Int-4}
 44029 | Elf:3    | Identified the Collected Works on Shifting Air
 44091 | Elf:3    | Identified the cursed +0 leather armour of the Sea {rElec
                  | rPois rCorr Str-5}
 44099 | Elf:3    | Identified the +4 triple sword of Nioj {holy, Fragile rF++
                  | Dex+2}
 44104 | Elf:3    | Identified the cursed +1 rapier "Hyloymuh" {pierce,
                  | *Corrode rPois Str+5}
 44107 | Elf:3    | Identified the +5 arbalest "Thing" {penet, *Drain Str+3
                  | Int+3}
 44546 | Depths:2 | Noticed Bai Suzhen
 44773 | Depths:2 | Killed Bai Suzhen
 45252 | Depths:2 | Reached XP level 23. HP: 205/205 MP: 36/36
 45334 | Depths:2 | Noticed a caustic shrike
 45345 | Depths:2 | Killed a caustic shrike
 45856 | Depths:2 | Found Umyloupo's Assorted Antiques.
 45868 | Depths:2 | Bought a potion of cancellation for 248 gold pieces
 45868 | Depths:2 | Bought 2 potions of agility for 248 gold pieces
 45868 | Depths:2 | Bought 2 potions of ambrosia for 496 gold pieces
 45868 | Depths:2 | Bought a wand of acid (6) for 248 gold pieces
 46184 | Depths:3 | Paralysed by a great orb of eyes for 4 turns
 46396 | Depths:3 | Found a one-way gate leading to the halls of Pandemonium.
 46981 | Depths:3 | Identified the +1 pair of gloves of Disaster {rF+ rN++ MR-
                  | rCorr}
 47067 | Depths:3 | Identified the cursed +1 glaive "Widowmaker" {speed,
                  | *Corrode +Rage Str+5}
 47067 | Depths:3 | Noticed Jory
 47075 | Depths:3 | Killed Jory
 47764 | Hell     | Entered the Vestibule of Hell
 47764 | Hell     | Noticed Geryon
 47836 | Hell     | Killed Geryon
 47863 | Hell     | Reached XP level 24. HP: 214/214 MP: 37/37
 48220 | Elf:2    | You paid a toll of the horn of Geryon to enter a treasure
                  | trove
 48221 | Trove    | Entered a treasure trove
 48238 | Trove    | Found the +10 sword of Jihad {holy, *Rage rN+ EV+3}
 48239 | Trove    | Identified the +5 double sword "Killer Bee's Doom" {slice,
                  | rC+ Int+3}
 48259 | Trove    | Identified the amulet of Finality {Gourm +Inv rF+ rC+}
 48261 | Trove    | Identified the amulet of Foidinuh {Spirit rN+ Str+8}
 48330 | Elf:2    | Reached XP level 25. HP: 222/222 MP: 1/37
 48331 | Elf:2    | Reached XP level 26. HP: 229/229 MP: 1/37
 48571 | Vaults:3 | Entered Level 3 of the Vaults
 48613 | Vaults:3 | Reached skill level 10 in Stealth
 48647 | Vaults:3 | Noticed a juggernaut
 48660 | Vaults:3 | Killed a juggernaut
 48993 | Vaults:3 | Reached skill level 22 in Armour
 49072 | Vaults:3 | Noticed an ancient lich
 49093 | Vaults:3 | Killed an ancient lich
 49301 | Vaults:3 | Identified the +10 war axe "Umasiuta" {drain, Str+2}
 49327 | Vaults:3 | Identified the cursed +0 scale mail of Hefufesu {Stlth+}
 49407 | Vaults:3 | Identified the +1 scimitar of Diet Blood {slice, rF+ Dex+2
                  | SInv}
 49514 | Vaults:3 | Reached XP level 27. HP: 219/238 MP: 37/37
 49635 | Vaults:3 | Identified the Grimoire of Boosts and Toxins
 49650 | Vaults:3 | Got a silver rune of Zot
 49829 | Vaults:3 | Identified Anioshohu's Grimoire of the Arsonist
 49926 | Vaults:3 | Identified Sif Muna's Disquisition on Contamination and the
                  | Compass
 50011 | Vaults:3 | Paralysed by a sphinx for 3 turns
 50134 | Vaults:3 | Identified the cursed +0 falchion of Excruciating Pain
                  | {protect, *Contam rN+++ Int+4}
 50477 | Crypt:1  | Entered Level 1 of the Crypt
 50547 | Crypt:1  | Reached skill level 15 in Evocations
 51304 | Crypt:1  | Found a basalt altar of Yredelemnul.
 51371 | Crypt:2  | Entered Level 2 of the Crypt
 52099 | Crypt:2  | Found a basalt altar of Yredelemnul.
 52312 | Crypt:2  | Found the +6 Majin-Bo {vamp, *Drain Str+12 Int+24}
 52339 | Crypt:2  | Identified the +2 scale mail "Qoecvoej" {Str+4}
 52548 | Crypt:2  | Identified the ring of Lithryosiu {rN+ Dex+3}
 52548 | Crypt:2  | Identified the ring of Jocsi {rN+ MR+ Dex-4 SInv}
 52642 | Crypt:2  | Found a staircase to the Tomb.
 52666 | Crypt:2  | Identified the +4 leather armour "Upyew" {rN+ Str+2 Int+3}
 53153 | Tomb:1   | Entered Level 1 of the Tomb of the Ancients
 53338 | Tomb:1   | Paralysed by a sphinx for 3 turns
 53739 | Depths:4 | Found a gateway to a ziggurat.
 53914 | Depths:4 | Paralysed by a great orb of eyes for 4 turns
 54106 | Depths:4 | Noticed a juggernaut
 54132 | Depths:4 | Killed a juggernaut
 54259 | Depths:4 | Noticed a Killer Klown
 54291 | Depths:4 | Killed a Killer Klown
 54379 | Depths:4 | Noticed an ancient lich
 54387 | Depths:4 | Killed an ancient lich
 54395 | Depths:4 | Identified the +5 arbalest "Ifidogig" {flame, rC+ MR+
                  | Stlth+}
 54428 | Depths:4 | Noticed a golden dragon
 54438 | Depths:4 | Reached skill level 23 in Armour
 54466 | Depths:4 | Killed a golden dragon
 54664 | Depths:4 | Identified the ring "Niselu" {rPois Str+3 Int+3 Dex+2
                  | Stlth+}
 54676 | Depths:4 | Identified the ring of the Original Sin {*Drain +Inv EV+4
                  | Str+3}
 54921 | Depths:5 | Entered Level 5 of the Depths
 55446 | Depths:5 | Noticed a golden dragon
 55463 | Depths:5 | Killed a golden dragon
 55472 | Depths:5 | Found a gate to the Realm of Zot.
 55672 | Depths:5 | Identified the cursed +0 quarterstaff of Xinookh {crush,
                  | MR+ Str+3 Int-3}
 55731 | Zot:1    | Entered Level 1 of the Realm of Zot
 55741 | Zot:1    | Identified the +4 hand axe "Loyc" {antimagic, +Blink rC-
                  | Int+4}
 55851 | Zot:1    | Reached skill level 24 in Armour
 57480 | Zot:3    | Noticed a golden dragon
 57506 | Zot:3    | Killed a golden dragon
 57529 | Zot:3    | Noticed an orb of fire
 57542 | Zot:3    | Killed an orb of fire
 57542 | Zot:3    | Reached skill level 25 in Armour
 58264 | Zot:3    | Noticed a golden dragon
 58270 | Zot:3    | Killed a golden dragon
 58275 | Zot:3    | Identified the ring "Riunoz" {+Fly rPois rN+ Int-2}
 59240 | Zot:4    | Reached skill level 26 in Armour
 59553 | Zot:5    | Entered Level 5 of the Realm of Zot
 59789 | Zot:5    | Noticed a golden dragon
 59798 | Zot:5    | Killed a golden dragon
 60108 | Zot:5    | Noticed an orb of fire
 60152 | Zot:5    | Gained mutation: Your body often deteriorates upon taking
                  | damage. [an orb of fire]
 60154 | Zot:5    | Killed an orb of fire
 60189 | Zot:5    | Noticed a Killer Klown
 60207 | Zot:5    | Lost intelligence.
 60216 | Zot:5    | Killed a Killer Klown
 60276 | Zot:5    | Noticed a golden dragon
 60286 | Zot:5    | Killed a golden dragon
 60292 | Zot:5    | Noticed a Killer Klown
 60298 | Zot:5    | Noticed an orb of fire
 60298 | Zot:5    | Noticed an ancient lich
 60308 | Zot:5    | Killed an orb of fire
 60309 | Zot:5    | Killed an ancient lich
 60323 | Zot:5    | Noticed a Killer Klown
 60337 | Zot:5    | Noticed a Killer Klown
 60339 | Zot:5    | Killed a Killer Klown
 60356 | Zot:5    | Killed a Killer Klown
 60368 | Zot:5    | Killed a Killer Klown
 60368 | Zot:5    | Reached skill level 27 in Armour
 60608 | Zot:5    | Noticed an orb of fire
 60642 | Zot:5    | Noticed a Killer Klown
 60661 | Zot:5    | Killed a Killer Klown
 60679 | Zot:5    | Noticed a Killer Klown
 60702 | Zot:5    | Killed an orb of fire
 60716 | Zot:5    | Killed a Killer Klown
 60790 | Zot:5    | Noticed a Killer Klown
 60805 | Zot:5    | Killed a Killer Klown
 60806 | Zot:5    | Noticed a golden dragon
 60806 | Zot:5    | Noticed an ancient lich
 60819 | Zot:5    | Killed a golden dragon
 60826 | Zot:5    | Killed an ancient lich
 61203 | Zot:5    | Noticed an orb of fire
 61210 | Zot:5    | Killed an orb of fire
 61337 | Zot:5    | Got the Orb of Zot
 61601 | Depths:1 | Noticed Wyjen the pandemonium lord
 61948 | D:$      | Escaped with the Orb!

Skill      XL: |  1  2  3  4  5  6  7  8  9 10 11 12 13 14 15 16 17 18 19 20 21 22 23 24 25 26 27 |
---------------+----------------------------------------------------------------------------------+-----
Armour         | 4 5 6 8 11 13 15 16 17 18 19 20 21 22 27 | 27.0
Shields        | 4 5 6 7 9 10 12 13 14 15 16 17 18 19 20 21 25 | 25.0
Fighting       | 5 6 7 9 10 11 12 13 14 15 16 17 23 | 23.4
Invocations    | 4 7 10 11 12 13 15 16 17 18 19 20 21 | 21.5
Evocations     | 1 5 7 9 10 11 12 13 14 15 | 15.1
Dodging        | 1 4 5 |  5.0
Stealth        | 1 4 6 8 9 11 | 11.5
Short Blades   | | 23.4
Long Blades    | | 23.4
Axes           | | 23.4
Maces & Flails | | 23.4
Polearms       | | 23.4
Staves         | | 23.4
Unarmed Combat | | 23.4

Action                   |  1- 3 |  4- 6 |  7- 9 | 10-12 | 13-15 | 16-18 | 19-21 | 22-24 | 25-27 || total
-------------------------+-------+-------+-------+-------+-------+-------+-------+-------+-------++-------
Melee: War axe           |   143 |       |       |       |       |       |       |       |       ||   143
       Whip              |     8 |   210 |   258 |   294 |       |       |       |       |       ||   770
       Eveningstar       |       |       |       |   454 |   427 |       |       |       |       ||   881
       Unarmed           |       |       |       |     3 |       |       |       |       |       ||     3
       Morningstar       |       |       |       |       |   263 |  1270 |  1188 |       |       ||  2721
       Eudemon blade     |       |       |       |       |       |       |   351 |  1288 |  2600 ||  4239
Invok: Divine Shield     |       |       |       |     7 |     2 |     6 |     2 |     2 |     5 ||    24
       Cleansing Flame   |       |       |       |       |     1 |     1 |    11 |     3 |     2 ||    18
       Summon Divine War |       |       |       |       |       |     2 |       |     1 |     2 ||     5
 Abil: Stop Flying       |       |       |       |       |       |     1 |       |     2 |     1 ||     4
       Evoke Flight      |       |       |       |       |       |     1 |       |     2 |     1 ||     4
Evoke: Wand              |       |       |       |     6 |     4 |    12 |    14 |     7 |     6 ||    49
       Lightning rod     |       |       |       |       |       |       |       |     2 |       ||     2
  Use: Scroll            |     3 |     2 |     8 |     8 |     7 |     3 |     6 |     2 |    23 ||    62
       Potion            |       |       |       |       |     5 |     1 |     2 |     3 |     8 ||    19
 Stab: Paralysed         |       |     1 |       |       |       |       |       |       |       ||     1
  Eat: Chunk             |     1 |     5 |    12 |     8 |     6 |    12 |    17 |    10 |    28 ||    99
       Ration            |       |       |       |     4 |     5 |     7 |     7 |     4 |     6 ||    33
Armor: Scale mail        |    76 |    58 |    41 |       |       |       |       |       |       ||   175
       Plate armour      |       |       |    15 |   329 |    75 |       |       |       |       ||   419
       Chain mail        |       |       |       |       |   270 |   641 |   390 |   234 |   266 ||  1801
       Gold dragon scale |       |       |       |       |       |       |       |       |   225 ||   225
Dodge: Dodged            |    64 |    45 |    35 |   251 |   324 |   676 |   501 |   150 |   286 ||  2332
Block: Shield            |   100 |    79 |    91 |   476 |   529 |  1106 |   718 |       |       ||  3099
       Other             |       |       |       |     1 |       |       |       |       |       ||     1
       Large shield      |       |       |       |       |       |       |   393 |  1409 |  2928 ||  4730
